[Event "December 12 Late 2023"]
[Site "https://www.chess.com"]
[Date "2023.12.12"]
[Round "1"]
[White "Riehle, Marco"]
[Black "Belli, Giorgio"]
[Result "1-0"]
[Board "47"]
[TimeControl "180+1"]
[WhiteFideId "12904392"]
[BlackFideId "2808833"]
[WhiteElo "2856"]
[BlackElo "2450"]
[WhiteTeam "GER"]
[BlackTeam "ITA"]
[WhiteClock "0:00:22"]
[BlackClock "0:00:18"]

1. e4 c5 2. a3 g6 3. h4 h5 4. Nc3 Bg7 5. Bc4 Nc6 6. d3 e6 7. Bg5 Nge7 8. Nge2 f6 9. Bf4 d5 10. Bb3 e5 11. Bg3 d4 12. Nb1 Qa5+ 13. Nd2 Bh6 14. f4 Bg4 15. O-O Rf8 16. Nc4 Qc7 17. fxe5 fxe5 18. Rxf8+ Kxf8 19. a4 b6 20. Kh2 Kg7 21. Qe1 Rf8 22. Ng1 Bf4 23. Nh3 Bxh3 24. Kxh3 Qd7+ 25. Kh2 Qg4 26. Bxf4 exf4 27. Qf2 Ng8 28. Nd2 Ne5 29. Nf3 Nxf3+ 30. gxf3 Qd7 31. Bxg8 Rxg8 32. b3 Qe7 33. Rg1 Kh7 34. Rg5 Rf8 35. Qg2 Rf6 36. Qh3 Qe6 37. Qxe6 Rxe6 38. Rd5 Re7 39. a5 Kg7 40. a6 Kf6 41. Kg2 Ke6 42. Kf2 Kf6 43. b4 Rc7 44. b5 Re7 45. Ke2 Rg7 46. Rg5 Re7 47. Kd2 Rd7 48. c3 dxc3+ 49. Kxc3 Re7 50. Rd5 Re5 51. Rd6+ Re6 52. Rd5 Re5 53. Rd8 Re7 54. d4 cxd4+ 55. Kxd4 g5 56. Rf8+ Kg7 57. Rf5 gxh4 58. Rxh5 Rd7+ 59. Ke5 Rd3 60. Kxf4 Rb3 61. Kg4 Kf6 62. Rxh4 Rxb5 63. Rh7 Rg5+ 64. Kf4 Rg7 65. e5+ Kg6 66. Rxg7+ Kxg7 67. Ke4 Kf7 68. f4 Ke6 69. f5+ Ke7 70. Kd5 Kd7 71. e6+ Ke7 72. Ke5 1-0

[Event "December 12 Late 2023"]
[Site "https://www.chess.com"]
[Date "2023.12.12"]
[Round "1"]
[White "Bazilius, Augustinas"]
[Black "Gledura, Benjamin"]
[Result "1-0"]
[Board "48"]
[TimeControl "180+1"]
[WhiteFideId "12832251"]
[BlackFideId "712779"]
[WhiteElo "2449"]
[BlackElo "2853"]
[WhiteTeam "LTU"]
[BlackTeam "HUN"]
[WhiteClock "0:02:28"]
[BlackClock "0:02:15"]

1. d4 d5 2. c4 e6 3. Nf3 Nf6 4. g3 Bb4+ 5. Bd2 Bd6 6. Bg2 O-O 7. O-O c6 8. Qc2 Ne4 9. Nc3 Nxd2 10. Nxd2 Bb4 11. Rfd1 Qf6 12. e4 Qxd4 13. exd5 Bxc3 14. bxc3 Qc5 15. Ne4 Qxc4 16. Bf1 1-0

[Event "December 12 Late 2023"]
[Site "https://www.chess.com"]
[Date "2023.12.12"]
[Round "1"]
[White "Mikaelyan, Arman"]
[Black "Urbina Perez, Juan Antonio"]
[Result "1/2-1/2"]
[Board "49"]
[TimeControl "180+1"]
[WhiteFideId "13304852"]
[BlackFideId "2217368"]
[WhiteElo "2848"]
[BlackElo "2445"]
[WhiteTeam "ARM"]
[BlackTeam "ESP"]
[WhiteClock "0:00:05"]
[BlackClock "0:00:18"]

1. d4 Nf6 2. c4 d6 3. Nf3 g6 4. g3 Bg7 5. Bg2 O-O 6. O-O Bf5 7. Nc3 Ne4 8. Qb3 Nxc3 9. bxc3 Be4 10. a4 c5 11. dxc5 dxc5 12. Be3 b6 13. a5 Nd7 14. Rfd1 Qc7 15. Bf4 Qb7 16. a6 Qc6 17. Qb5 Rad8 18. Rac1 Rfe8 19. Rd2 e5 20. Bg5 f6 21. Be3 Nb8 22. Rcd1 Rxd2 23. Rxd2 Kf8 24. Ne1 Bxg2 25. Nxg2 Qxb5 26. cxb5 Ke7 27. c4 Rd8 28. Rxd8 Kxd8 29. Ne1 Bf8 30. Nd3 Bd6 31. f4 Nd7 32. fxe5 Nxe5 33. Nxe5 Bxe5 34. Kf2 Bd6 35. Kf3 Kd7 36. h3 Ke6 37. g4 g5 38. Ke4 h6 39. Bd2 Be7 40. Bc3 Bd6 41. Bd2 Be5 42. Be1 Bd6 43. Bf2 Be7 44. Kd3 Bd6 45. h4 Bc7 46. h5 Bd6 47. Ke4 Bc7 48. Be3 Bd6 49. Bd2 Be5 50. Be1 Bc7 51. Kd3 Be5 52. Bf2 Bd6 53. Ke3 Bf4+ 54. Kf3 Bd6 55. Be3 Be5 56. Ke4 Bd6 57. Bd2 Be5 58. Bc1 Bd6 59. Ba3 Be7 60. e3 Bd6 61. Bb2 Be5 62. Bc1 Bd6 63. Bd2 Be5 64. Be1 Bd6 65. Bc3 Be5 66. Be1 Bd6 67. Kd3 Be5 68. Bf2 Bd6 69. Ke2 Be5 70. Kf3 Bd6 71. Be1 Be5 72. Bd2 Bd6 73. e4 Be5 74. Be3 Bd6 75. Ke2 Ke5 76. Kd3 Ke6 77. Bd2 Ke5 78. Bc3+ Ke6 79. Bb2 Be5 80. Bc1 Bd6 81. Bd2 Ke5 82. Be1 Ke6 83. Bc3 Be5 84. Bd2 Bd6 85. Be3 Ke5 86. Bg1 Ke6 87. Bf2 Ke5 88. Bg3+ Ke6 89. Be1 Ke5 90. Ke3 Ke6 91. Kf3 Ke5 92. Bc3+ Ke6 93. Bb2 Be5 94. Bc1 Bd6 95. Be3 Ke5 96. Bg1 Ke6 97. Ke2 Ke5 98. Kd3 Ke6 99. Bf2 Be5 100. Be3 Bd6 101. Bd2 1/2-1/2

[Event "December 12 Late 2023"]
[Site "https://www.chess.com"]
[Date "2023.12.12"]
[Round "1"]
[White "Lopusiewicz, Piotr"]
[Black "Gabuzyan, Hovhannes"]
[Result "0-1"]
[Board "50"]
[TimeControl "180+1"]
[WhiteFideId "1116029"]
[BlackFideId "13303732"]
[WhiteElo "2444"]
[BlackElo "2847"]
[WhiteTeam "POL"]
[BlackTeam "ARM"]
[WhiteClock "0:00:00"]
[BlackClock "0:00:12"]

1. d4 Nf6 2. c4 e6 3. Nf3 b6 4. g3 Bb7 5. Bg2 Be7 6. O-O d5 7. cxd5 exd5 8. Nc3 O-O 9. Bf4 c6 10. Qc2 Nbd7 11. Rad1 Re8 12. Nh4 Nf8 13. Nf5 Ne6 14. Bc1 Bf8 15. Rfe1 c5 16. dxc5 bxc5 17. Nxd5 Bxd5 18. e4 Nd4 19. Nxd4 cxd4 20. exd5 Rxe1+ 21. Rxe1 Rc8 22. Qa4 Nxd5 23. Qxd4 Nb4 24. Qxa7 Nd3 25. Qe3 Bc5 26. Rd1 Bxe3 27. Bxe3 g6 28. Bf1 Nxb2 29. Rxd8+ Rxd8 30. Kg2 Ra8 31. Be2 Rxa2 32. h4 h5 33. Bb5 Na4 34. Bd4 Nb2 35. Kf3 Nd1 0-1

[Event "December 12 Late 2023"]
[Site "https://www.chess.com"]
[Date "2023.12.12"]
[Round "1"]
[White "Rustemov, Alexander"]
[Black "Ladan, Nicholas"]
[Result "0-1"]
[Board "51"]
[TimeControl "180+1"]
[WhiteFideId "4119002"]
[BlackFideId "30918855"]
[WhiteElo "2841"]
[BlackElo "2442"]
[WhiteTeam "RUS"]
[BlackTeam "USA"]
[WhiteClock "0:00:02"]
[BlackClock "0:00:07"]

1. d4 d5 2. c4 e6 3. Nc3 Nf6 4. Nf3 Bb4 5. Bg5 h6 6. Bxf6 Qxf6 7. e3 O-O 8. Qb3 c5 9. cxd5 exd5 10. dxc5 Nc6 11. O-O-O Bxc3 12. Qxc3 Qxc3+ 13. bxc3 Be6 14. Bb5 Rfc8 15. Bxc6 Rxc6 16. Kd2 Rxc5 17. Nd4 Rac8 18. Rc1 b5 19. Rc2 a6 20. Rb1 Rc4 21. Rb4 Kf8 22. Rxc4 Rxc4 23. Rb2 Ra4 24. Nb3 Ke7 25. Nd4 Kd6 26. h4 Bd7 27. g3 Bh3 28. Kc2 g6 29. Kb3 Bf1 30. Kc2 Bc4 31. Kb1 Bd3+ 32. Ka1 Ra3 33. Rb3 Ra4 34. Rb4 Ra3 35. Kb2 Ra5 36. Nb3 Ra4 37. Rxa4 bxa4 38. Nd2 Kc5 39. a3 Be2 40. Kc2 h5 41. Kc1 Kd6 42. e4 f5 43. exd5 Kxd5 44. Kc2 Kc5 45. Nb1 Kc4 46. Nd2+ Kc5 47. c4 Bxc4 48. Kc3 Be2 49. Nb1 a5 50. Nd2 Kd5 51. f4 Kc5 52. Nb1 Kd5 53. Kd2 Bc4 54. Ke3 Kc5 55. Nc3 Bb3 56. Kd3 Bc4+ 57. Kd2 Bb5 58. Kc2 Bc6 59. Kd3 Bd7 60. Nd1 Bb5+ 61. Kc3 Bc4 62. Ne3 Bb3 63. Nf1 Kd5 64. Nd2 Kc5 65. Kd3 Kd5 66. Ke3 Bc2 67. Nf3 Kc4 68. Kd2 Be4 69. Ne5+ Kb3 70. Nxg6 Kxa3 71. Kc3 Ka2 72. g4 fxg4 73. Ne7 a3 74. f5 g3 75. f6 g2 76. f7 g1=Q 77. f8=Q Qc5+ 78. Kd2 Qc2+ 79. Ke3 Qd3+ 80. Kf2 Qf3+ 81. Qxf3 Bxf3 82. Kxf3 Kb2 83. Nc6 a2 84. Nxa5 a1=Q 85. Nc4+ Kc3 86. Ne3 Qh1+ 87. Ng2 Qh3+ 88. Kf2 Qg4 89. Ne3 Qxh4+ 90. Kf3 Qh3+ 91. Kf4 Kd3 92. Nf5 Qg4+ 93. Ke5 Ke2 94. Nd4+ Kf2 95. Ne6 h4 96. Nf4 Qxf4+ 97. Kxf4 h3 98. Kg4 h2 99. Kf4 h1=Q 100. Ke5 Qf3 101. Kd6 Ke3 0-1

[Event "December 12 Late 2023"]
[Site "https://www.chess.com"]
[Date "2023.12.12"]
[Round "1"]
[White "Yandarbiev, Ruslan"]
[Black "Hong, Andrew"]
[Result "1-0"]
[Board "52"]
[TimeControl "180+1"]
[WhiteFideId "4115023"]
[BlackFideId "2099438"]
[WhiteElo "2440"]
[BlackElo "2839"]
[WhiteTeam "RUS"]
[BlackTeam "USA"]
[WhiteClock "0:00:44"]
[BlackClock "0:00:02"]

1. c4 e5 2. g3 Nf6 3. Bg2 c6 4. d4 exd4 5. Qxd4 d5 6. Nc3 dxc4 7. Qxc4 Be6 8. Qa4 Nbd7 9. Nf3 Bc5 10. O-O O-O 11. Bf4 Qb6 12. Qc2 Qa6 13. Rfd1 h6 14. Bd6 Rfd8 15. Bxc5 Nxc5 16. Ne5 Ng4 17. Nxg4 Bxg4 18. h3 Be6 19. b4 Nd7 20. Ne4 Qb6 21. a3 Bd5 22. Rac1 a5 23. Nc5 axb4 24. axb4 Qxb4 25. Bxd5 cxd5 26. Rxd5 Rac8 27. Qd1 Qa3 28. Rd3 Qb2 29. Rc2 Qb5 30. Nxd7 Rxc2 31. Nf6+ gxf6 32. Rxd8+ Kg7 33. Qxc2 Qe5 34. Qd3 b5 35. Rd4 Qc5 36. Rg4+ Kf8 37. Qd8# 1-0

[Event "December 12 Late 2023"]
[Site "https://www.chess.com"]
[Date "2023.12.12"]
[Round "1"]
[White "Kazakouski, Valery"]
[Black "Buchenau, Frank"]
[Result "1-0"]
[Board "53"]
[TimeControl "180+1"]
[WhiteFideId "13507443"]
[BlackFideId "4604350"]
[WhiteElo "2824"]
[BlackElo "2436"]
[WhiteTeam "LTU"]
[BlackTeam "GER"]
[WhiteClock "0:02:37"]
[BlackClock "0:01:14"]

1. Nf3 Nf6 2. c4 e6 3. g3 b6 4. Bg2 Bb7 5. O-O Be7 6. d4 O-O 7. Re1 a5 8. Bg5 h6 9. Bxf6 Bxf6 10. Qc2 Nc6 11. e3 d6 12. Nc3 e5 13. Rad1 exd4 14. exd4 Re8 15. Rxe8+ Qxe8 16. Nd5 Bd8 17. Re1 Qd7 18. Bh3 1-0

[Event "December 12 Late 2023"]
[Site "https://www.chess.com"]
[Date "2023.12.12"]
[Round "1"]
[White "Bold, Andre"]
[Black "Gorovets, Andrey"]
[Result "0-1"]
[Board "54"]
[TimeControl "180+1"]
[WhiteFideId "16208471"]
[BlackFideId "13504037"]
[WhiteElo "2434"]
[BlackElo "2823"]
[WhiteTeam "GER"]
[BlackTeam "BLR"]
[WhiteClock "0:01:07"]
[BlackClock "0:02:20"]

1. Nf3 c5 2. g3 g6 3. Bg2 Bg7 4. O-O Nc6 5. c3 e5 6. e4 Nge7 7. d3 O-O 8. Nbd2 h6 9. Nc4 d6 10. Ne3 Be6 11. Qe2 Qd7 12. Bd2 Rae8 13. a3 f5 14. exf5 gxf5 15. Nc2 Ng6 16. b4 b6 17. Rfe1 d5 18. bxc5 bxc5 19. Qf1 e4 20. Nh4 Nxh4 21. gxh4 f4 22. dxe4 f3 23. Bh1 Bh3 0-1

[Event "December 12 Late 2023"]
[Site "https://www.chess.com"]
[Date "2023.12.12"]
[Round "1"]
[White "Holt, Conrad"]
[Black "Federzoni, Enzo"]
[Result "0-1"]
[Board "55"]
[TimeControl "180+1"]
[WhiteFideId "2034387"]
[BlackFideId "2173301"]
[WhiteElo "2812"]
[BlackElo "2434"]
[WhiteTeam "USA"]
[BlackTeam "BRA"]
[WhiteClock "0:00:08"]
[BlackClock "0:00:28"]

1. d4 d5 2. c4 e6 3. Nc3 Nf6 4. cxd5 exd5 5. Bg5 Be7 6. e3 O-O 7. Bd3 c6 8. Qc2 Nbd7 9. Nge2 h6 10. Bh4 Ne4 11. Bxe7 Qxe7 12. Nxe4 dxe4 13. Bxe4 Nf6 14. Bf3 Nd5 15. O-O Be6 16. a3 g5 17. Nc3 Nxc3 18. bxc3 g4 19. Be2 f5 20. Rfe1 Rae8 21. Bd3 h5 22. e4 f4 23. e5 h4 24. Qd2 Kh8 25. a4 Qg5 26. Rab1 Re7 27. a5 Rg7 28. Be4 Qh5 29. c4 Bxc4 30. Qb4 Qf7 31. Qd6 Kg8 32. e6 Bxe6 33. Bxc6 bxc6 34. Rxe6 Qd7 35. Qe5 g3 36. Rb8 gxf2+ 37. Kxf2 Rxb8 38. Qxb8+ Kh7 39. Qe5 Qd5 40. Qxd5 cxd5 41. Re5 Rb7 42. Rxd5 Kg6 43. Kf3 Rb2 44. h3 Ra2 45. Rc5 Rd2 46. Kxf4 Rxd4+ 47. Ke5 Rd2 48. Rc6+ Kg5 49. Rc8 Re2+ 50. Kd4 Kf4 51. Rg8 Ra2 52. Rg4+ Kf5 53. Rxh4 Ra4+ 54. Kc5 Rxh4 55. Kc6 Rh7 56. g4+ Kf4 57. Kb5 Kg3 58. Kc6 Kxh3 59. g5 Kg4 60. g6 Rg7 61. Kb5 Kg5 62. Ka6 Kxg6 63. Kb5 Kf5 64. Kc6 Ke5 65. Kb5 Kd5 66. Ka6 Kd6 67. Kb5 Rc7 68. Ka6 Kd7 69. Kb5 Kc8 70. Ka6 Kb8 71. Kb5 Kb7 72. a6+ Kb8 73. Kb4 Rd7 74. Kc5 Kc7 75. Kb5 Rh7 76. Kc5 Rh6 77. Kb5 Rb6+ 78. Ka5 Kc6 79. Ka4 Kc5 80. Ka5 Kc4 81. Ka4 Rxa6# 0-1

[Event "December 12 Late 2023"]
[Site "https://www.chess.com"]
[Date "2023.12.12"]
[Round "1"]
[White "Dilmukhametov, Artur"]
[Black "Kadric, Denis"]
[Result "0-1"]
[Board "56"]
[TimeControl "180+1"]
[WhiteFideId "24179922"]
[BlackFideId "14403803"]
[WhiteElo "2430"]
[BlackElo "2808"]
[WhiteTeam "RUS"]
[BlackTeam "MNE"]
[WhiteClock "0:00:00"]
[BlackClock "0:01:14"]

1. e4 d6 2. d4 Nf6 3. Nc3 Nbd7 4. f4 e5 5. Nf3 exd4 6. Nxd4 g6 7. Bc4 Bg7 8. O-O O-O 9. Kh1 Re8 10. f5 Nb6 11. Bb3 c5 12. fxg6 hxg6 13. Bxf7+ Kxf7 14. Ndb5 Kg8 15. Bg5 Re5 16. Bf4 Nh5 17. Bxe5 Bxe5 18. Qf3 Be6 19. Rad1 Qh4 20. h3 Ng3+ 21. Kg1 Nxf1 22. Rxf1 Qe7 23. Qd1 a6 24. Na3 Rf8 25. Nd5 Bxd5 26. exd5 Rxf1+ 27. Kxf1 Bxb2 28. Nb1 Bd4 29. Nd2 Qe3 0-1

[Event "December 12 Late 2023"]
[Site "https://www.chess.com"]
[Date "2023.12.12"]
[Round "1"]
[White "Brodsky, David"]
[Black "Sari, Yasin"]
[Result "1-0"]
[Board "57"]
[TimeControl "180+1"]
[WhiteFideId "2073250"]
[BlackFideId "6320902"]
[WhiteElo "2799"]
[BlackElo "2425"]
[WhiteTeam "USA"]
[BlackTeam "TUR"]
[WhiteClock "0:00:08"]
[BlackClock "0:00:03"]

1. d4 d5 2. Nf3 Nf6 3. Bf4 c5 4. e3 Nc6 5. Nbd2 Qb6 6. dxc5 Qxb2 7. Rb1 Qc3 8. Bb5 e6 9. O-O Bxc5 10. Be5 Qa5 11. c4 Be7 12. cxd5 exd5 13. Nd4 Bd7 14. Nxc6 bxc6 15. Bd3 O-O 16. Rb7 Rfd8 17. Bc7 Qxa2 18. Bxd8 Bxd8 19. e4 Bc8 20. Rb1 Bb6 21. h3 Be6 22. e5 Nd7 23. Nf3 h6 24. Qc1 c5 25. Nd2 Ba5 26. Rb2 Qa3 27. Rb8+ Rxb8 28. Qxa3 Bxd2 29. Qxa7 Rf8 30. Bb5 Nxe5 31. Qxc5 Nc4 32. Rd1 Bg5 33. Bc6 Rd8 34. Bxd5 Rxd5 35. Rxd5 Bxd5 36. Qxd5 Nb6 37. Qc6 Nd7 38. Qxd7 h5 39. Qe8+ Kh7 40. Qxf7 Be3 41. fxe3 1-0

[Event "December 12 Late 2023"]
[Site "https://www.chess.com"]
[Date "2023.12.12"]
[Round "1"]
[White "Melikhov, Evgeny V."]
[Black "Volodin, Aleksandr"]
[Result "0-1"]
[Board "58"]
[TimeControl "180+1"]
[WhiteFideId "4122046"]
[BlackFideId "4501950"]
[WhiteElo "2417"]
[BlackElo "2790"]
[WhiteTeam "GRE"]
[BlackTeam "EST"]
[WhiteClock "0:00:00"]
[BlackClock "0:02:13"]

1. d4 d5 2. c4 e6 3. Nc3 Nf6 4. cxd5 exd5 5. Bg5 c6 6. Qc2 h6 7. Bh4 Be7 8. e3 O-O 9. Bd3 Re8 10. Nge2 a5 11. h3 Na6 12. a3 Nc7 13. g4 Ne6 14. O-O-O b5 15. Rdg1 b4 16. Nb1 c5 17. dxc5 Nxc5 18. Nd4 Nxd3+ 19. Qxd3 Ba6 20. Qf5 Rc8+ 21. Kd1 Ne4 22. Bxe7 Qxe7 23. g5 Bd3 24. Qf4 hxg5 25. Nf5 Qf6 0-1

[Event "December 12 Late 2023"]
[Site "https://www.chess.com"]
[Date "2023.12.12"]
[Round "1"]
[White "Matinian, Nikita"]
[Black "Dubessay, Bastien"]
[Result "1-0"]
[Board "59"]
[TimeControl "180+1"]
[WhiteFideId "24129100"]
[BlackFideId "650048"]
[WhiteElo "2787"]
[BlackElo "2415"]
[WhiteTeam "FID"]
[BlackTeam "FRA"]
[WhiteClock "0:02:05"]
[BlackClock "0:01:10"]

1. e4 c6 2. d4 d5 3. e5 c5 4. Nf3 Bf5 5. dxc5 e6 6. Nd4 Bxc5 7. Bb5+ Nc6 8. Nxc6 bxc6 9. Bxc6+ Kf8 10. Bxa8 Qxa8 11. Be3 Bxe3 12. fxe3 Qb8 13. Qd4 Ne7 14. Nd2 h5 15. O-O Kg8 16. e4 Nc6 17. Qa4 Qb6+ 18. Kh1 dxe4 19. Nxe4 h4 20. h3 Nxe5 21. Qe8+ Kh7 22. Ng5+ Kg6 23. Qxh8 Kxg5 24. Qxg7+ Ng6 25. Qxf7 Qxb2 26. Rae1 Qxa2 27. Rxf5+ exf5 28. Qxa2 1-0

[Event "December 12 Late 2023"]
[Site "https://www.chess.com"]
[Date "2023.12.12"]
[Round "1"]
[White "Marin Posada, Sebastian"]
[Black "Yuan, Qingyu"]
[Result "0-1"]
[Board "60"]
[TimeControl "180+1"]
[WhiteFideId "4402782"]
[BlackFideId "8609772"]
[WhiteElo "2415"]
[BlackElo "2785"]
[WhiteTeam "COL"]
[BlackTeam "CHN"]
[WhiteClock "0:00:00"]
[BlackClock "0:00:03"]

1. d4 Nf6 2. c4 e6 3. Nf3 d5 4. g3 dxc4 5. Bg2 c5 6. O-O Nc6 7. Qa4 Bd7 8. dxc5 Bxc5 9. Qxc4 Be7 10. Nc3 Rc8 11. Rd1 O-O 12. Bf4 a6 13. Rac1 Qb6 14. Qd3 Nb4 15. Qb1 Nbd5 16. Be5 Bc6 17. Bd4 Qa5 18. Ne5 Nxc3 19. Bxc3 Qb6 20. Nxc6 bxc6 21. Bd4 c5 22. Bc3 h6 23. Rd2 Rfd8 24. Rcd1 c4 25. Rxd8+ Rxd8 26. Rxd8+ Qxd8 27. Qc2 Nd5 28. Be1 Qc7 29. h3 Bf6 30. e4 Nb6 31. Bc3 Bxc3 32. Qxc3 Qc5 33. Bf1 a5 34. b3 Qa3 35. Bxc4 Qxa2 36. Bb5 Qb1+ 0-1

[Event "December 12 Late 2023"]
[Site "https://www.chess.com"]
[Date "2023.12.12"]
[Round "1"]
[White "Troff, Kayden"]
[Black "Alvarado, Carlos"]
[Result "1-0"]
[Board "61"]
[TimeControl "180+1"]
[WhiteFideId "2047896"]
[BlackFideId "3800555"]
[WhiteElo "2784"]
[BlackElo "2414"]
[WhiteTeam "USA"]
[BlackTeam "PER"]
[WhiteClock "0:01:48"]
[BlackClock "0:02:32"]

1. d4 d5 2. Nf3 Nf6 3. Bf4 c6 4. e3 Bg4 5. Nbd2 Nbd7 6. h3 Bxf3 7. Nxf3 e6 8. Bd3 Be7 9. c3 a5 10. Qc2 a4 11. O-O O-O 12. Rfe1 c5 13. b3 h6 14. c4 1-0

[Event "December 12 Late 2023"]
[Site "https://www.chess.com"]
[Date "2023.12.12"]
[Round "1"]
[White "Zakarian, David"]
[Black "Ghasi, Ameet K"]
[Result "0-1"]
[Board "62"]
[TimeControl "180+1"]
[WhiteFideId "13301276"]
[BlackFideId "409200"]
[WhiteElo "2408"]
[BlackElo "2779"]
[WhiteTeam "ARM"]
[BlackTeam "ENG"]
[WhiteClock "0:01:07"]
[BlackClock "0:01:24"]

1. d4 g6 2. c4 Bg7 3. Nf3 d6 4. g3 Nf6 5. Bg2 O-O 6. O-O c6 7. Nc3 Qb6 8. e4 Bg4 9. h3 Bxf3 10. Bxf3 Nfd7 11. Be3 Qxb2 12. Qd3 Qa3 13. Rab1 c5 14. Rb3 Qa5 15. e5 cxd4 16. Bxd4 dxe5 17. Bxb7 exd4 18. Nd5 Nc5 19. Nxe7+ Kh8 20. Qf3 Nxb3 21. axb3 Nd7 22. Bxa8 Qd8 23. Nxg6+ 0-1

[Event "December 12 Late 2023"]
[Site "https://www.chess.com"]
[Date "2023.12.12"]
[Round "1"]
[White "Korchmar, Vasiliy"]
[Black "Vorons, Uldis"]
[Result "1-0"]
[Board "63"]
[TimeControl "180+1"]
[WhiteFideId "24131750"]
[BlackFideId "11611758"]
[WhiteElo "2765"]
[BlackElo "2407"]
[WhiteTeam "RUS"]
[BlackTeam "LAT"]
[WhiteClock "0:02:35"]
[BlackClock "0:01:58"]

1. e4 c6 2. d4 d5 3. exd5 cxd5 4. Bd3 Nc6 5. c3 Nf6 6. Bf4 g6 7. Nd2 Bg7 8. Ngf3 O-O 9. O-O Bf5 10. Bxf5 gxf5 11. Ne1 e6 12. Nd3 Rc8 13. Re1 Ne4 14. f3 Nd6 15. Qe2 1-0

[Event "December 12 Late 2023"]
[Site "https://www.chess.com"]
[Date "2023.12.12"]
[Round "1"]
[White "Esmeraldas Huachi, Anderson"]
[Black "Wieczorek, Oskar"]
[Result "0-1"]
[Board "64"]
[TimeControl "180+1"]
[WhiteFideId "3616363"]
[BlackFideId "1133950"]
[WhiteElo "2406"]
[BlackElo "2762"]
[WhiteTeam "ECU"]
[BlackTeam "POL"]
[WhiteClock "0:01:15"]
[BlackClock "0:00:14"]

1. d4 Nf6 2. Bf4 c5 3. e3 d6 4. c3 b6 5. Nd2 Bb7 6. h3 g6 7. Ngf3 Bg7 8. Be2 O-O 9. O-O Nbd7 10. Re1 Qc7 11. Bh2 a6 12. c4 Rfe8 13. a4 Ne4 14. Nxe4 Bxe4 15. Nd2 Bb7 16. Nb1 Nf6 17. Bf3 Bxf3 18. Qxf3 cxd4 19. exd4 Qxc4 20. Nc3 Qc7 21. Rac1 Qd7 22. g4 h6 23. Re2 b5 24. axb5 axb5 25. Rce1 Rac8 26. Ne4 Nxe4 27. Rxe4 d5 28. Rf4 e6 29. h4 Qe7 30. g5 hxg5 31. hxg5 Qxg5+ 32. Rg4 Qh5 33. Qg2 Rc2 34. Rg5 Qh4 35. Rg4 Qe7 36. Be5 Rec8 37. Re3 Rc1+ 38. Kh2 Rd1 39. Rh3 Rcc1 40. Rxg6 Rh1+ 41. Kg3 Rxh3+ 42. Kxh3 fxg6 43. Qxg6 Qf7 44. Qg3 Qf5+ 45. Kg2 Qe4+ 46. f3 Rc2+ 47. Kh3 Qh7+ 48. Qh4 Qxh4+ 49. Kxh4 Bxe5 50. dxe5 Rxb2 51. Kg5 Kf7 52. f4 Rc2 53. f5 exf5 54. Kxf5 Re2 55. e6+ Ke7 56. Kf4 Rxe6 57. Kf3 b4 58. Kf4 d4 59. Kf5 d3 60. Kg5 d2 61. Kf5 b3 62. Kg5 b2 63. Kg4 Kd6 64. Kf5 Kd5 65. Kg5 Ke4 66. Kg4 Rg6+ 67. Kh5 Kf5 68. Kh4 Rg5 69. Kh3 Rg4 70. Kh2 Kf4 71. Kh3 d1=N 72. Kh2 Ne3 73. Kh3 Nf5 74. Kh2 b1=Q 75. Kh3 Qh1# 0-1

[Event "December 12 Late 2023"]
[Site "https://www.chess.com"]
[Date "2023.12.12"]
[Round "1"]
[White "Postny, Evgeny"]
[Black "Luong Phuong Hanh"]
[Result "1-0"]
[Board "65"]
[TimeControl "180+1"]
[WhiteFideId "2804344"]
[BlackFideId "12401013"]
[WhiteElo "2759"]
[BlackElo "2406"]
[WhiteTeam "ISR"]
[BlackTeam "VIE"]
[WhiteClock "0:00:19"]
[BlackClock "0:00:02"]

1. e4 c5 2. Nf3 e6 3. d4 cxd4 4. Nxd4 a6 5. Bd3 Bc5 6. Nb3 Be7 7. O-O d6 8. c4 Nf6 9. Nc3 O-O 10. f4 Nbd7 11. Kh1 b6 12. Qf3 Bb7 13. Bd2 Qc7 14. Rae1 Rad8 15. Qh3 Nc5 16. Bb1 Nxb3 17. axb3 g6 18. f5 Bc8 19. Bh6 Rfe8 20. e5 dxe5 21. fxg6 hxg6 22. Bg5 Nh7 23. Bxe7 Qxe7 24. Rxe5 Bb7 25. Be4 Bxe4 26. Nxe4 Rd4 27. Qe3 Red8 28. Nc3 Qb4 29. Nd5 Qd2 30. Qf3 Rf8 31. Nf6+ Nxf6 32. Qxf6 Rg4 33. Qf3 Rg5 34. Rxe6 Qxb2 35. Rf6 Qd2 36. Rxf7 Re8 37. Rf8+ Rxf8 38. Qxf8+ Kh7 39. Rf7# 1-0

[Event "December 12 Late 2023"]
[Site "https://www.chess.com"]
[Date "2023.12.12"]
[Round "1"]
[White "Marchesich, Giovanni"]
[Black "Atakhan, Abtin"]
[Result "0-1"]
[Board "66"]
[TimeControl "180+1"]
[WhiteFideId "2824790"]
[BlackFideId "22502203"]
[WhiteElo "2404"]
[BlackElo "2756"]
[WhiteTeam "ITA"]
[BlackTeam "IRI"]
[WhiteClock "0:01:33"]
[BlackClock "0:01:17"]

1. e4 c5 2. Nf3 d6 3. d4 cxd4 4. Nxd4 Nf6 5. Nc3 a6 6. Bc4 e6 7. Bb3 b5 8. O-O Be7 9. Qf3 Qb6 10. Be3 Qb7 11. Qg3 b4 12. Na4 O-O 13. Bh6 Ne8 14. c3 a5 15. f3 Nd7 16. Rfd1 Nc5 17. Nxc5 dxc5 18. Ne2 Qa6 19. Qf2 gxh6 20. Nf4 c4 21. Bc2 Qa7 22. Rd4 e5 23. Nh5 exd4 24. cxd4 Ng7 25. Qg3 Qxd4+ 26. Kh1 Ra6 27. Rd1 Qxb2 28. e5 Rg6 29. Bxg6 hxg6 30. Nf6+ Bxf6 31. exf6 Qxf6 0-1

[Event "December 12 Late 2023"]
[Site "https://www.chess.com"]
[Date "2023.12.12"]
[Round "1"]
[White "Haydon, David L"]
[Black "Avila Rodriguez, Joshua Ad"]
[Result "1/2-1/2"]
[Board "67"]
[TimeControl "180+1"]
[WhiteFideId "415405"]
[BlackFideId "5126444"]
[WhiteElo "2754"]
[BlackElo "2402"]
[WhiteTeam "ENG"]
[BlackTeam "MEX"]
[WhiteClock "0:00:17"]
[BlackClock "0:00:03"]

1. d4 Nf6 2. c4 e6 3. Nf3 b6 4. g3 Ba6 5. b3 d5 6. Qc2 Bb7 7. Bg2 dxc4 8. bxc4 Nbd7 9. O-O Be7 10. Nc3 O-O 11. e4 c5 12. d5 e5 13. Ne1 Ne8 14. Nd3 Nd6 15. Nb2 Bg5 16. Bxg5 Qxg5 17. f4 Qe7 18. Rae1 a6 19. a4 Rfb8 20. Bh3 Bc8 21. Kg2 b5 22. axb5 axb5 23. cxb5 Nxb5 24. Nxb5 Rxb5 25. Nc4 exf4 26. Bxd7 Qxd7 27. Rxf4 Qh3+ 28. Kg1 Rab8 29. Qa4 Bd7 30. Qa7 g5 31. Rff1 Rb2 32. Nxb2 Rxb2 33. Rf2 Rxf2 34. Kxf2 Qxh2+ 35. Kf3 g4+ 36. Ke3 Qxg3+ 37. Kd2 Qf2+ 38. Re2 Qd4+ 39. Kc2 Ba4+ 40. Kc1 Qc3+ 41. Kb1 Qd3+ 42. Kb2 Qxe2+ 43. Ka3 Qd3+ 44. Kxa4 Qxe4+ 45. Ka5 Qxd5 46. Qb8+ Kg7 47. Qf4 Qe6 48. Qg5+ Qg6 49. Qxc5 Kg8 50. Qc8+ Kg7 51. Qc3+ Kh6 52. Qg3 Kg5 53. Kb4 Qf5 54. Qg1 h5 55. Kc3 Qf3+ 56. Kd4 Qf4+ 57. Kd5 f5 58. Ke6 Qe4+ 59. Kf7 h4 60. Kg7 f4 61. Qc5+ Qf5 62. Qe7+ Kh5 63. Qe8+ Kg5 64. Qe7+ Kh5 65. Qe8+ Kg5 66. Qd8+ Kh5 67. Qe8+ 1/2-1/2

[Event "December 12 Late 2023"]
[Site "https://www.chess.com"]
[Date "2023.12.12"]
[Round "1"]
[White "Zeneli, Klendi"]
[Black "Bardyk, Artem"]
[Result "0-1"]
[Board "68"]
[TimeControl "180+1"]
[WhiteFideId "4706609"]
[BlackFideId "34349979"]
[WhiteElo "2401"]
[BlackElo "2749"]
[WhiteTeam "ALB"]
[BlackTeam "RUS"]
[WhiteClock "0:00:47"]
[BlackClock "0:01:24"]

1. e4 e5 2. Nf3 Nc6 3. Bc4 Bc5 4. c3 Nf6 5. d3 O-O 6. O-O Re8 7. a4 a5 8. h3 h6 9. Re1 d6 10. Nbd2 Ba7 11. Nf1 Be6 12. b3 d5 13. exd5 Bxd5 14. Ne3 Bxc4 15. Nxc4 e4 16. dxe4 Qxd1 17. Rxd1 Nxe4 18. Be3 Nxc3 19. Rd7 Bxe3 20. Nxe3 Re7 21. Rxe7 Nxe7 22. Kf1 Ncd5 23. Nc4 Nc6 24. Rc1 Rd8 25. Rd1 b6 26. Rc1 Ncb4 27. Nd4 Nf4 28. Nb5 Rd3 29. Nxc7 Rxb3 30. Nb5 Nbd3 31. Rd1 Rb4 32. Nxb6 Rb2 33. g3 Rxf2+ 34. Kg1 Nxh3+ 35. Kh1 Ra2 36. Rxd3 Nf2+ 37. Kg1 Nxd3 38. Nc4 Rxa4 0-1